AoeStats
← Michi3052

Runestones

507555197Analyzed
1v1 RM · 14d ago on Sep 18, 2026· 46m 37s· 2 players
Game mode
Random Map
Map size
Tiny (2 player)
Population
200
Speed
Normal
Resources
Standard
Victory
Conquest
Starting age
Dark Age
Ending age
Imperial Age
RankedLock teamsTeams togetherTeam positionsShared explorationLock speedFull tech treeHidden civsTurbo modeCheats
Victory
Defeat
🇺🇸 Franks · United States
747
+16
🇪🇸 Gurjaras · Spain
745
-16
Michi3052
11:02 Feudal Age
12:46 Double-Bit Axe
16:14 Loom
16:16 Horse Collar
17:18 Gold Mining
22:42 Castle Age
22:32 Bloodlines
26:13 Town Watch
27:00 Scale Barding Armor
28:25 Wheelbarrow
29:02 Heavy Plow
29:11 Man-at-Arms
31:47 Forging
32:41 Long Swordsman
34:38 Hand Cart
35:55 Scale Mail Armor
38:14 Kshatriyas
42:08 Imperial Age
42:48 Siege Elephant
44:10 Gold Shaft Mining
44:13 Iron Casting
43:59 Chain Barding Armor
43:55 Chain Mail Armor
43:05 Two-Handed Swordsman
44:28 Conscription
44:05 Stone Mining
45:00 Crop Rotation
McDadiJorbor
5:35 Loom
11:48 Feudal Age
10:51 Loom
18:49 Castle Age
19:48 Forging
19:35 Double-Bit Axe
19:27 Pikeman
21:52 Bow Saw
23:06 Squires
23:58 Wheelbarrow
25:30 Scale Barding Armor
28:18 Gold Mining
31:59 Chain Barding Armor
32:19 Iron Casting
32:12 Hand Cart
32:13 Husbandry
38:34 Chain Barding Armor
38:26 Town Watch
42:13 Imperial Age
41:24 #83
42:01 Scale Mail Armor
42:31 Town Patrol
42:33 Elite Throwing Axeman
44:17 Conscription
43:22 Cavalier
Connection lost

Rejoining the realm…

Still unreachable

The connection could not be restored.

Session expired

The server has moved on; the page needs a fresh start.